AAA EAST
ROCHESTER RED WINGS @ OMAHA STORM CHASERS
07/26/2041
 
TOP OF THE 1ST
Rochester Red Wings batting - Pitching for Omaha Storm Chasers : RHP Andy Nolan
Pitching: RHP Andy Nolan
Batting: RHB Chih Chan 0-0: Ground out U3 (Groundball, 13, EV 83.8 MPH)
Batting: RHB Artie Miller 0-0: SINGLE (Groundball, 4MD, EV 101.9 MPH)
Batting: LHB Gilberto Macías 0-0: Called Strike
0-1: Ball
Artie Miller steals 2nd base
1-1: Called Strike
1-2: Fly out, F9 (Flyball, 89M, EV 90.0 MPH)
Batting: RHB Jorge Portillo 0-0: Called Strike
0-1: Ground out 5-3 (Groundball, 5, EV 86.3 MPH)
Top of the 1st over - 0 runs, 1 hit, 0 errors, 1 left on base; Rochester 0 - Omaha 0
BOTTOM OF THE 1ST
Omaha Storm Chasers batting - Pitching for Rochester Red Wings : LHP Willie Estrada
Pitching: LHP Willie Estrada
Batting: LHB Freddy López 0-0: Ball
1-0: Foul Ball, location: 2F
1-1: Ground out 4-3 (Groundball, 4, EV 90.6 MPH)
Batting: LHB Jorge Martínez 0-0: Called Strike
0-1: SINGLE (Flyball, 9LS, EV 88.1 MPH)
Batting: RHB Chad Morgan 0-0: Foul Ball, location: 5FF
0-1: Ground out 5-3 (Groundball, 56S, EV 72.5 MPH)
Jorge Martínez to second
Batting: RHB Juan Ramos 0-0: Called Strike
0-1: Ball
1-1: Fly out, F3 (Popup, 3L, EV 65.0 MPH)
Bottom of the 1st over - 0 runs, 1 hit, 0 errors, 1 left on base; Rochester 0 - Omaha 0
TOP OF THE 2ND
Rochester Red Wings batting - Pitching for Omaha Storm Chasers : RHP Andy Nolan
Batting: SHB Juan Trevino 0-0: Ball
1-0: Foul Ball, location: 25F
1-1: SINGLE (Groundball, 6MD, EV 97.5 MPH)
Batting: RHB Mario García 0-0: Ball
1-0: Foul Ball, location: 9LDF
1-1: Foul Ball, location: 9LDF
1-2: Foul Ball, location: 23FF
1-2: Ball
2-2: Strikes out swinging
Batting: LHB Bob Phillips 0-0: Foul Ball, location: 9LMF
0-1: Foul Ball, location: 9LSF
0-2: Strikes out swinging
Batting: RHB Phil Jordan 0-0: Foul Ball, location: 3F
0-1: Called Strike
0-2: Ball
1-2: Ball
2-2: Strikes out swinging
Top of the 2nd over - 0 runs, 1 hit, 0 errors, 1 left on base; Rochester 0 - Omaha 0
BOTTOM OF THE 2ND
Omaha Storm Chasers batting - Pitching for Rochester Red Wings : LHP Willie Estrada
Batting: RHB Pat Gregory 0-0: Called Strike
0-1: Ball
1-1: Called Strike
1-2: SINGLE (Flyball, 8LS, EV 88.8 MPH)
Batting: LHB José Villa 0-0: Sac Bunt to 3S - play at first, batter safe!
Pat Gregory to second
Batting: RHB Luis Serrano 0-0: Ball
1-0: Swinging Strike
1-1: Ball
2-1: Fly out, F8 (Flyball, 78D, EV 110.0 MPH)
Batting: LHB Curt Watts 0-0: Ball
1-0: Swinging Strike
1-1: Ball
2-1: Ball
3-1: Called Strike
3-2: Strikes out swinging
Batting: RHB Cliff O'Halloran 0-0: Ground out 1-3 (Groundball, 34S, EV 63.1 MPH)
Bottom of the 2nd over - 0 runs, 2 hits, 0 errors, 2 left on base; Rochester 0 - Omaha 0
TOP OF THE 3RD
Rochester Red Wings batting - Pitching for Omaha Storm Chasers : RHP Andy Nolan
Batting: SHB José Desdin 0-0: Foul Ball, location: 5DF
0-1: SINGLE (Line Drive, 7S, EV 97.5 MPH)
Batting: RHB Chih Chan 0-0: Bunted foul
0-1: Sac Bunt to 13S - play at first, batter OUT! 1-3
José Desdin to second
Batting: RHB Artie Miller 0-0: Ball
1-0: SINGLE (Line Drive, 3D, EV 106.3 MPH)
José Desdin to third
Batting: LHB Gilberto Macías 0-0: Ball
Artie Miller steals 2nd base
1-0: Ball
2-0: Ball
3-0: Called Strike
3-1: Ground out 3-1 (Groundball, 34, EV 81.9 MPH)
Batting: RHB Jorge Portillo 0-0: Ball
1-0: Ball
2-0: Ball
3-0: DOUBLE (Line Drive, 7LM, EV 101.3 MPH)
José Desdin scores
Artie Miller scores
Batting: SHB Juan Trevino 0-0: Fly out, F7 (Flyball, 7, EV 90.6 MPH)
Top of the 3rd over - 2 runs, 3 hits, 0 errors, 1 left on base; Rochester 2 - Omaha 0
BOTTOM OF THE 3RD
Omaha Storm Chasers batting - Pitching for Rochester Red Wings : LHP Willie Estrada
Batting: LHB Freddy López 0-0: Ball
1-0: Ball
2-0: Ball
3-0: Base on Balls
Batting: LHB Jorge Martínez 0-0: Ball
Freddy López is caught stealing 2nd base 2-6
1-0: Ball
2-0: Called Strike
2-1: Called Strike
2-2: Foul Ball, location: 25F
2-2: Ball
3-2: Strikes out swinging
Batting: RHB Chad Morgan 0-0: SINGLE (Groundball, 56D, EV 100.6 MPH)
Batting: RHB Juan Ramos 0-0: Ball
1-0: Ball
2-0: Ground out 5-3 (Groundball, 56S, EV 66.3 MPH)
Bottom of the 3rd over - 0 runs, 1 hit, 0 errors, 1 left on base; Rochester 2 - Omaha 0
TOP OF THE 4TH
Rochester Red Wings batting - Pitching for Omaha Storm Chasers : RHP Andy Nolan
Batting: RHB Mario García 0-0: Ball
1-0: Ball
2-0: Foul Ball, location: 2F
2-1: Foul Ball, location: 7LMF
2-2: Ball
3-2: Fly out, F8 (Flyball, 8RD, EV 89.4 MPH)
Batting: LHB Bob Phillips 0-0: Ball
1-0: Fly out, F8 (Flyball, 8LS, EV 90.6 MPH)
Batting: RHB Phil Jordan 0-0: Called Strike
0-1: Ball
1-1: Ball
2-1: Called Strike
2-2: SINGLE (Line Drive, 8RS, EV 100.6 MPH)
Batting: SHB José Desdin 0-0: Foul Ball, location: 3SF
0-1: Called Strike
0-2: Strikes out swinging
Top of the 4th over - 0 runs, 1 hit, 0 errors, 1 left on base; Rochester 2 - Omaha 0
BOTTOM OF THE 4TH
Omaha Storm Chasers batting - Pitching for Rochester Red Wings : LHP Willie Estrada
Batting: RHB Pat Gregory 0-0: Called Strike
0-1: Reached on error, E6 (Groundball, 56, EV 110.0 MPH)
Batting: LHB José Villa 0-0: Ball
1-0: Called Strike
1-1: Fly out, F7 (Flyball, 78D, EV 88.1 MPH)
Batting: RHB Luis Serrano 0-0: 2-RUN HOME RUN (Flyball, 7D, EV 95.0 MPH), Distance : 378 ft
Batting: LHB Curt Watts 0-0: Called Strike
0-1: Ball
1-1: Ball
2-1: Foul Ball, location: 2F
2-2: Strikes out looking
Batting: RHB Cliff O'Halloran 0-0: Foul Ball, location: 2F
0-1: Ball
1-1: Swinging Strike
1-2: Foul Ball, location: 7LDF
1-2: Strikes out swinging
Bottom of the 4th over - 2 runs, 1 hit, 1 error, 0 left on base; Rochester 2 - Omaha 2
TOP OF THE 5TH
Rochester Red Wings batting - Pitching for Omaha Storm Chasers : RHP Andy Nolan
Batting: RHB Chih Chan 0-0: SINGLE (Line Drive, 4MD, EV 110.0 MPH)
Batting: RHB Artie Miller 0-0: Ball
1-0: Ball
Chih Chan steals 2nd base
2-0: Sac Bunt to 25 - play at first, batter OUT! 5-4
Chih Chan to third
Batting: LHB Gilberto Macías 0-0: Called Strike
0-1: Fly out, F9 (Flyball, 9D, EV 95.6 MPH)
Runner from 3rd tags up, SCORES, no throw by RF
Batting: RHB Jorge Portillo 0-0: Called Strike
0-1: Foul Ball, location: 9LMF
0-2: Ball
1-2: Ball
2-2: Foul Ball, location: 5FF
2-2: Ball
3-2: Foul Ball, location: 2F
3-2: Strikes out swinging
Top of the 5th over - 1 run, 1 hit, 0 errors, 0 left on base; Rochester 3 - Omaha 2
BOTTOM OF THE 5TH
Omaha Storm Chasers batting - Pitching for Rochester Red Wings : LHP Willie Estrada
Batting: LHB Freddy López 0-0: Ball
1-0: Ball
2-0: Foul Ball, location: 7LDF
2-1: Swinging Strike
2-2: Strikes out swinging
Batting: LHB Jorge Martínez 0-0: Ground out 5-3 (Groundball, 56S, EV 65.6 MPH)
Batting: RHB Chad Morgan 0-0: Foul Ball, location: 2F
0-1: SOLO HOME RUN (Flyball, 7D, EV 96.9 MPH), Distance : 358 ft
Batting: RHB Juan Ramos 0-0: Ball
1-0: Called Strike
1-1: SINGLE (Line Drive, 8RS, EV 105.6 MPH)
Batting: RHB Pat Gregory 0-0: Ball
1-0: Ball
2-0: Ball
3-0: Called Strike
3-1: Swinging Strike
3-2: Base on Balls
Juan Ramos to second
Batting: LHB José Villa 0-0: Ground out 4-3 (Groundball, 4, EV 91.9 MPH)
Bottom of the 5th over - 1 run, 2 hits, 0 errors, 2 left on base; Rochester 3 - Omaha 3
TOP OF THE 6TH
Rochester Red Wings batting - Pitching for Omaha Storm Chasers : RHP Andy Nolan
Batting: SHB Juan Trevino 0-0: Called Strike
0-1: Called Strike
0-2: Ball
1-2: Strikes out swinging
Batting: RHB Mario García 0-0: Ball
1-0: Called Strike
1-1: Called Strike
1-2: Strikes out swinging
Batting: LHB Bob Phillips 0-0: SOLO HOME RUN (Flyball, 78XD, EV 106.3 MPH), Distance : 406 ft
Batting: RHB Phil Jordan 0-0: Ball
1-0: SINGLE (Groundball, 6MD, EV 103.8 MPH)
Batting: SHB José Desdin 0-0: Fly out, F7 (Flyball, 7S, EV 85.0 MPH)
Top of the 6th over - 1 run, 2 hits, 0 errors, 1 left on base; Rochester 4 - Omaha 3
BOTTOM OF THE 6TH
Omaha Storm Chasers batting - Pitching for Rochester Red Wings : LHP Willie Estrada
Batting: RHB Luis Serrano 0-0: Called Strike
0-1: Called Strike
0-2: Foul Ball, location: 2F
0-2: Ball
1-2: Foul Ball, location: 2F
1-2: SOLO HOME RUN (Flyball, 78XD, EV 106.3 MPH), Distance : 419 ft
Batting: LHB Curt Watts 0-0: Foul Ball, location: 7LDF
0-1: Called Strike
0-2: Fly out, F5 (Popup, 5F, EV 74.4 MPH)
Batting: RHB Cliff O'Halloran 0-0: Ball
1-0: Ball
2-0: Ground out U3 (Groundball, 3S, EV 89.4 MPH)
Batting: LHB Freddy López 0-0: Foul Ball, location: 5DF
0-1: Foul Ball, location: 5F
0-2: Ground out U3 (Groundball, 3, EV 108.8 MPH)
Bottom of the 6th over - 1 run, 1 hit, 0 errors, 0 left on base; Rochester 4 - Omaha 4
TOP OF THE 7TH
Rochester Red Wings batting - Pitching for Omaha Storm Chasers : RHP Andy Nolan
Batting: RHB Chih Chan 0-0: SINGLE (Line Drive, 6M, EV 97.5 MPH)
Pitching: LHP Tony Gómez
Batting: RHB Artie Miller 0-0: Ball
1-0: Ball
Chih Chan steals 2nd base (no throw)
2-0: Called Strike
2-1: Ball
3-1: Base on Balls
Pinch Hitting: RHB Albert Delgado 0-0: Called Strike
0-1: Swinging Strike
0-2: Ball
1-2: Ball
2-2: Strikes out swinging
Batting: RHB Jorge Portillo 0-0: Fly out, F3 (Popup, 34, EV 61.9 MPH)
Batting: SHB Juan Trevino 0-0: Called Strike
0-1: Fly out, F8 (Line Drive, 8RM, EV 93.1 MPH)
Top of the 7th over - 0 runs, 1 hit, 0 errors, 2 left on base; Rochester 4 - Omaha 4
BOTTOM OF THE 7TH
Omaha Storm Chasers batting - Pitching for Rochester Red Wings : LHP Willie Estrada
Now in LF: Joe Ward
Batting: LHB Jorge Martínez 0-0: Called Strike
0-1: Ball
1-1: Ball
2-1: Fly out, F9 (Flyball, 9, EV 93.1 MPH)
Batting: RHB Chad Morgan 0-0: Ball
1-0: Ball
2-0: Ball
3-0: Fly out, F9 (Flyball, 9, EV 90.0 MPH)
Batting: RHB Juan Ramos 0-0: Fly out, F7 (Flyball, 78S, EV 74.4 MPH)
Bottom of the 7th over - 0 runs, 0 hits, 0 errors, 0 left on base; Rochester 4 - Omaha 4
TOP OF THE 8TH
Rochester Red Wings batting - Pitching for Omaha Storm Chasers : LHP Tony Gómez
Batting: RHB Mario García 0-0: Ball
1-0: Ball
2-0: Foul Ball, location: 2F
2-1: Ground out 5-3 (Groundball, 56, EV 85.6 MPH)
Pinch Hitting: RHB Chris Gamble 0-0: Called Strike
0-1: SOLO HOME RUN (Flyball, 78XD, EV 107.5 MPH), Distance : 403 ft
Batting: RHB Phil Jordan 0-0: Ball
1-0: Ball
2-0: Ground out 4-3 (Groundball, 4, EV 103.1 MPH)
Batting: SHB José Desdin 0-0: Ball
1-0: Ball
2-0: SINGLE (Line Drive, 56D, EV 105.6 MPH)
Batting: RHB Chih Chan 0-0: Ball
1-0: Called Strike
1-1: Foul Ball, location: 2LF
1-2: Ball
2-2: Foul Ball, location: 3SF
2-2: Ground out 4-3 (Groundball, 4, EV 83.8 MPH)
Top of the 8th over - 1 run, 2 hits, 0 errors, 1 left on base; Rochester 5 - Omaha 4
BOTTOM OF THE 8TH
Omaha Storm Chasers batting - Pitching for Rochester Red Wings : LHP Willie Estrada
Now at 1B: Chris Gamble
Now at 3B: Juan Trevino
Batting: RHB Pat Gregory 0-0: Foul Ball, location: 2F
0-1: Ball
1-1: Fly out, F7 (Flyball, 78D, EV 88.1 MPH)
Batting: LHB José Villa 0-0: Ball
1-0: Swinging Strike
1-1: Called Strike
1-2: Strikes out swinging
Batting: RHB Luis Serrano 0-0: Called Strike
0-1: Swinging Strike
0-2: Fly out, F9 (Flyball, 89D, EV 78.1 MPH)
Bottom of the 8th over - 0 runs, 0 hits, 0 errors, 0 left on base; Rochester 5 - Omaha 4
TOP OF THE 9TH
Rochester Red Wings batting - Pitching for Omaha Storm Chasers : LHP Tony Gómez
Batting: RHB Artie Miller 0-0: Ball
1-0: Ball
2-0: Called Strike
2-1: Swinging Strike
2-2: Foul Ball, location: 2F
2-2: Ground out 1-3 (Groundball, 13S, EV 67.5 MPH)
Batting: LHB Joe Ward 0-0: Called Strike
0-1: Foul Ball, location: 25F
0-2: Ball
1-2: Ball
2-2: Ball
3-2: Foul Ball, location: 7LSF
3-2: Strikes out swinging
Batting: RHB Jorge Portillo 0-0: Ball
1-0: Ball
2-0: Ball
3-0: Fly out, F7 (Flyball, 7LS, EV 90.6 MPH)
Top of the 9th over - 0 runs, 0 hits, 0 errors, 0 left on base; Rochester 5 - Omaha 4
BOTTOM OF THE 9TH
Omaha Storm Chasers batting - Pitching for Rochester Red Wings : LHP Willie Estrada
Pitching: RHP J.J. Bailey
Batting: LHB Curt Watts 0-0: Ball
1-0: Ground out 4-3 (Groundball, 34D, EV 80.6 MPH)
Pinch Hitting: LHB Mathias Carena 0-0: Foul Ball, location: 2F
0-1: Foul Ball, location: 25FF
0-2: Ground out 4-3 (Groundball, 4, EV 80.6 MPH)
Batting: LHB Freddy López 0-0: Called Strike
0-1: Swinging Strike
0-2: Ball
1-2: Foul Ball, location: 25F
1-2: Ball
2-2: Strikes out swinging
Bottom of the 9th over - 0 runs, 0 hits, 0 errors, 0 left on base; Rochester 5 - Omaha 4
Monday, April 1st , 2024 - OOTP Baseball 24.10 Build 82